 Dungeon Crawl Stone Soup version 0.29.1-1-gd02db6906a (webtiles) character file.

Game seed: 12487426275561858707

7744 112233 the Reanimator (level 11, -6/91 HPs)
             Began as a Demonspawn Necromancer on Oct 6, 2022.
             Was an Initiate of Gozag.
             Mangled by a freezing wraith (11 damage)
             ... led by a death knight
             ... on level 9 of the Dungeon.
             The game lasted 00:13:06 (12575 turns).

112233 the Reanimator (Demonspawn Necromancer)     Turns: 12575, Time: 00:13:06

Health: -6/91      AC:  8    Str:  8    XL:     11   Next: 0%
Magic:  22/26      EV: 12    Int: 20    God:    Gozag
Gold:   179        SH:  0    Dex: 15    Spells: 28/32 levels left

rFire   . . .      SeeInvis .   c - +0 whip
rCold   . . .      Faith    .   (no shield)
rNeg    . . .      Spirit   .   a - +0 robe
rPois   .          Reflect  .   n - +2 hat
rElec   .          Harm     .   (no cloak)
rCorr   .          Rampage  .   A - +0 pair of gloves
Will    .....      Rnd*Tele +   (no boots)
Stlth   ..........              (no amulet)
HPRegen 0.00/turn               (no ring)
MPRegen 0.40/turn               (no ring)

@: berserking, inhibited regen, slowed
A: hooves 1, foul stench 2, magic regeneration, sharp scales 3, frail 1,
inhibited regeneration, teleportitis 1
a: Renounce Religion, Potion Petition, Call Merchant, Bribe Branch


You were on level 9 of the Dungeon.
You worshipped Gozag.
Gozag was aware of your devotion.
You visited 2 branches of the dungeon, and saw 12 of its levels.
You also visited: Bailey.

You collected 891 gold pieces.
You paid 712 gold pieces to Gozag.

Inventory:

Hand Weapons
 c - a +0 whip (weapon)
Armour
 a - a +0 robe (worn)
 k - a +0 helmet
 n - a +2 hat (worn)
 A - a +0 pair of gloves (worn)
 E - a +0 pair of gloves
Jewellery
 l - a ring of protection from cold
 q - a ring of positive energy
 y - a +4 ring of evasion
 D - a ring of resist corrosion
 G - an amulet of regeneration
Scrolls
 d - a scroll of acquirement
 e - 4 scrolls of identify
 g - 5 scrolls of magic mapping
 m - 4 scrolls of amnesia
 o - 2 scrolls of immolation
 v - 2 scrolls of torment
 w - a scroll of fear {unknown}
 x - a scroll of vulnerability {unknown}
 I - 2 scrolls of poison {unknown}
Potions
 b - 2 potions of experience
 f - 6 potions of attraction
 h - 2 potions of curing
 i - a potion of lignification
 j - 4 potions of heal wounds
 p - a potion of resistance {unknown}
 s - 6 potions of brilliance {unknown}
 t - 2 potions of invisibility {unknown}
 z - 2 potions of haste {unknown}
 F - a potion of mutation {unknown}
 H - 2 potions of degeneration {unknown}


   Skills:
 - Level 1.8 Dodging
 - Level 1.9 Stealth
 + Level 11.2 Spellcasting
 + Level 13.7 Necromancy


You had 28 spell levels left.
You knew the following spells:

 Your Spells              Type           Power      Damage    Failure   Level
a - Necrotise             Necr           100%       1d9       1%          1
b - Vampiric Draining     Necr           60%        2d10      1%          3

Your spell library contained the following spells:

 Spells                   Type           Power      Damage    Failure   Level
 Agony                    Necr           60%        N/A       1%          5
 Beastly Appendage        Tmut           22%        N/A       6%          1
 Wereblood                Tmut           11%        N/A       10%         2
 Dazzling Flash           Conj/Hex       22%        N/A       19%         3
 Spider Form              Tmut/Pois      11%        N/A       19%         3
 Silence                  Hex/Air        5%         N/A       86%         5
 Animate Dead             Necr           Unusable   N/A       N/A         4

Dungeon Overview and Level Annotations

Branches:
Dungeon (11/15)            Temple (1/1) D:6             Orc (0/2) D:10
 Bailey (visited)
   Lair: D:8-11

Altars:
Ashenzari
Cheibriados
Dithmenos
Fedhas
Gozag
Hepliaklqana
Kikubaaqudgha
Makhleb
Nemelex Xobeh
Qazlal
Ru
Sif Muna
Trog
Uskayaw
Vehumet
Wu Jian
Xom
Yredelemnul

Annotations:
D:3 exclusion: downstairs
D:4 Blork the orc
D:6 exclusion: upstairs
D:11 Snorg


Innate Abilities, Weirdness & Mutations

You have large cloven feet.
You sometimes emit foul miasma when damaged in melee.
You regenerate magic rapidly.
You are completely covered in razor-sharp scales. (AC +3, Slay +3)
You are frail. (-10% HP)
You do not regenerate when monsters are visible.
You are occasionally teleported next to monsters.


Message History

The death knight shouts!
Okay, then. [a] - 300 gold - heal wounds and berserk rage [b] - 800 gold - resistance, might, haste and invisibility [c] - 594 gold - invisibility, might and resistance Purchase which effect?
You no longer have enough gold to petition Gozag for potion effects.
You feel much better.
A red film seems to cover your vision as you go berserk!
You feel yourself moving faster!
You feel mighty!
You hear a howl!
A wight comes into view. It is wielding a +2 scimitar.
The freezing wraith hits you! The freezing wraith freezes you!
You emit a cloud of foul miasma!
The freezing wraith closely misses you. The phantasmal warrior hits you!!
The death knight hits you with a +1 battleaxe!
You emit a cloud of foul miasma!
You hit the freezing wraith. You kick the freezing wraith!
The freezing wraith is moderately damaged.
The freezing wraith hits you.
* * * LOW HITPOINT WARNING * * *
The freezing wraith freezes you!
* * * LOW HITPOINT WARNING * * *
The freezing wraith hits you.
* * * LOW HITPOINT WARNING * * *
The freezing wraith drains your vigour!
You feel yourself slow down.
The freezing wraith hits you but does no damage.
The freezing wraith closely misses you.
The phantasmal warrior barely misses you.
The death knight is engulfed in dark miasma.
The death knight is poisoned.
The death knight hits you with a +1 battleaxe.
* * * LOW HITPOINT WARNING * * *
A howler monkey comes into view.
The freezing wraith attacks as you move away!
The freezing wraith closely misses you. The freezing wraith misses you.
The freezing wraith attacks as you move away!
The freezing wraith hits you!
You die...
Your body crumbles into a pile of gold.

### ....
##.... ##
(.....
h###.?....
#.........
#Wp.......
#@zz..z..
#WW.....<
#.....<..
#......z.
#########


You could see a death knight (poisoned), a skeletal warrior, a phantasmal
warrior, 2 freezing wraiths, a howler monkey and 3 wights.

Vanquished Creatures
  A boulder beetle (D:11)
  An orc high priest (Bailey)
  2 orc knights (Bailey)
  An orc sorcerer (Bailey)
  Joseph (D:10)
  Maurice (D:10)
  A kobold demonologist (D:11)
  A troll (D:11)
  Prince Ribbit (D:5)
  A shadow (D:11)
  5 yaks (D:11)
  A steam dragon (D:7)
  An acid dragon (D:7)
  8 orc warriors
  A sky beast (D:6)
  An ice beast (D:6)
  A black bear (D:6)
  3 centaurs
  A kobold brigand (D:10)
  4 bullfrogs
  2 scorpions
  6 killer bees (D:7)
  6 electric eels (Bailey)
  3 jellies
  4 orc priests
  A hound (D:4)
  A gnoll bouda (D:4)
  An iguana (D:4)
  6 orc wizards
  6 gnolls
  8 adders
  A dart slug (D:2)
  40 orcs
  5 endoplasms
  2 giant cockroaches
  9 goblins
  12 hobgoblins
  7 jackals (D:1)
  13 kobolds
  A quokka (D:1)
  5 ball pythons
  5 bats
  2 frilled lizards
  5 rats
188 creatures vanquished.

Vanquished Creatures (collateral kills)
  A jelly (D:5)
  A gnoll (D:4)
  A jackal (D:1)
  A kobold (D:1)
4 creatures vanquished.

Vanquished Creatures (others)
  An orc wizard (D:10)
1 creature vanquished.

Grand Total: 193 creatures vanquished

Notes
Turn   | Place    | Note
-------+----------+-------------------------------------------
     0 | D:1      | 112233 the Demonspawn Necromancer began the quest for the
                  | Orb.
     0 | D:1      | Reached XP level 1. HP: 13/13 MP: 3/3
   313 | D:1      | Gained mutation: You may rarely emit foul miasma when
                  | damaged in melee. [demonic ancestry]
   313 | D:1      | Reached XP level 2. HP: 19/19 MP: 0/5
   705 | D:1      | Reached XP level 3. HP: 18/24 MP: 0/6
   957 | D:2      | Reached skill level 5 in Necromancy
  1099 | D:2      | Found a shimmering altar of Xom.
  1692 | D:2      | Found a faded altar of an unknown god.
  2146 | D:3      | Gained mutation: You sometimes emit foul miasma when
                  | damaged in melee. [demonic ancestry]
  2146 | D:3      | Reached XP level 4. HP: 20/30 MP: 1/8
  2150 | D:3      | Learned a level 3 spell: Vampiric Draining
  2346 | D:3      | Found an ancient bone altar of Kikubaaqudgha.
  2810 | D:4      | Noticed Blork the orc
  3331 | D:4      | Reached XP level 5. HP: 31/35 MP: 5/10
  3998 | D:4      | Reached skill level 6 in Necromancy
  4305 | D:4      | Reached XP level 6. HP: 41/41 MP: 7/12
  4480 | D:4      | Found a broken altar of Ashenzari.
  5434 | D:5      | Entered Level 5 of the Dungeon
  5447 | D:5      | Reached skill level 7 in Necromancy
  5597 | D:5      | Reached skill level 5 in Spellcasting
  5785 | D:5      | Gained mutation: You are partially covered in razor-sharp
                  | scales. (AC +1, Slay +1) [demonic ancestry]
  5785 | D:5      | Reached XP level 7. HP: 26/46 MP: 3/14
  5940 | D:5      | Noticed Prince Ribbit
  5955 | D:5      | Killed Prince Ribbit
  6161 | D:6      | Reached skill level 8 in Necromancy
  6368 | D:6      | Gained mutation: You regenerate magic rapidly. [demonic
                  | ancestry]
  6368 | D:6      | Reached XP level 8. HP: 52/52 MP: 9/17
  6640 | D:6      | Reached skill level 9 in Necromancy
  6713 | D:6      | Found a staircase to the Ecumenical Temple.
  6743 | Temple   | Entered the Ecumenical Temple
  6750 | Temple   | Became a worshipper of Gozag Ym Sagoz the Greedy
  8401 | D:7      | Reached skill level 10 in Necromancy
  8652 | D:7      | Gained mutation: You have large cloven feet. [demonic
                  | ancestry]
  8652 | D:7      | Reached XP level 9. HP: 45/57 MP: 8/20
  8850 | D:8      | You fall into a shaft and drop 3 floors!
  9284 | D:11     | Noticed a boulder beetle
  9351 | D:10     | Entered Level 10 of the Dungeon
  9475 | D:10     | Noticed Joseph
  9531 | D:11     | Reached skill level 11 in Necromancy
  9727 | D:11     | Noticed a troll
  9737 | D:11     | Killed a troll
 10047 | D:10     | Found a staircase to the Orcish Mines.
 10069 | D:10     | Noticed a boulder beetle
 10071 | D:10     | Noticed Maurice
 10118 | D:10     | Killed Joseph
 10125 | D:10     | Killed Maurice
 10213 | D:11     | Reached skill level 12 in Necromancy
 10213 | D:11     | Gained mutation: You are mostly covered in razor-sharp
                  | scales. (AC +2, Slay +2) [demonic ancestry]
 10213 | D:11     | Reached XP level 10. HP: 14/63 MP: 23/23
 10710 | D:11     | Killed a boulder beetle
 10751 | D:11     | Reached skill level 10 in Spellcasting
 10879 | D:11     | Noticed Snorg
 10957 | D:9      | Found a flagged portal.
 10966 | Bailey   | Entered a bailey
 11187 | Bailey   | Noticed an orc knight
 11203 | Bailey   | Killed an orc knight
 11204 | Bailey   | Noticed an orc knight
 11216 | Bailey   | Killed an orc knight
 11396 | Bailey   | Reached skill level 13 in Necromancy
 11447 | Bailey   | Noticed an orc sorcerer
 11450 | Bailey   | Gained mutation: You are occasionally teleported next to
                  | monsters. [a neqoxec]
 11460 | Bailey   | Gained mutation: You are frail. (-10% HP) [a neqoxec]
 11464 | Bailey   | Noticed a soul eater
 11467 | Bailey   | Gained mutation: You do not regenerate when monsters are
                  | visible. [a neqoxec]
 11963 | Bailey   | Found an iron altar of Okawaru.
 11965 | Bailey   | Noticed an orc high priest
 12080 | Bailey   | Noticed a rust devil
 12081 | Bailey   | Noticed a soul eater
 12085 | Bailey   | Killed an orc high priest
 12166 | Bailey   | Identified the +0 chain mail of Hysteria {Int+4 Dex-4}
 12451 | Bailey   | Killed an orc sorcerer
 12452 | Bailey   | Gained mutation: You are completely covered in razor-sharp
                  | scales. (AC +3, Slay +3) [demonic ancestry]
 12452 | Bailey   | Reached XP level 11. HP: 57/61 MP: 17/26
 12572 | D:9      | Noticed a death knight
 12572 | D:9      | Noticed a phantasmal warrior
 12572 | D:9      | Noticed a skeletal warrior
 12575 | D:9      | Mangled by a freezing wraith

Illustrated notes

Levels and vault maps discovered:
D:1:      tarquinn_simple_flora_water_b, layout_basic,
          nicolae_figureground_sparkle
D:2:      layout_basic, dilly_ecumenical_altar_fadedgnrine, basic_altar
D:3:      layout_rooms, nicolae_overflow_two_pavilions, dk_vineyard_1,
          feat_on_display
D:4:      layout_layer_cave, nicolae_ashenzari_skybound, minmay_hedge_maze,
          corner_web_ring, uniq_blork_the_orc
D:5:      layout_basic, uniq_pikel, uniq_eustachio, uniq_prince_ribbit1
D:6:      nicolae_cairo_tiling_very_big, layout_basic
D:7:      layout_basic
D:8:      layout_basic, okawaru_trees_2, dpeg_lair_monsters
D:9:      minmay_chopped_fan, layout_rooms, enter_bailey_2, uniq_erolcha,
          uniq_grum, uniq_psyche
D:10:     layout_loops_ring, david_orc_3, nicolae_underground_beach,
          uniq_maurice, uniq_joseph
D:11:     layout_rooms, uniq_snorg
Temple:   nicolae_temple_no_exploring_needed

Skill      XL: |  1  2  3  4  5  6  7  8  9 10 |
---------------+-------------------------------+-----
Necromancy     | 5 6 7 8 10 12 13 | 13.7
Spellcasting   | 3 4 5 6 7 9 11 | 11.2
Dodging        | |  1.8
Stealth        | |  1.9

Action                   |  1- 3 |  4- 6 |  7- 9 | 10-12 || total
-------------------------+-------+-------+-------+-------++-------
Melee: Whip              |     7 |     2 |    45 |    16 ||    70
       Kick              |       |       |     8 |     5 ||    13
 Cast: Necrotise         |    61 |   113 |    82 |    10 ||   266
       Vampiric Draining |       |     6 |    65 |    78 ||   149
Invok: Potion Petition   |       |       |       |     2 ||     2
Evoke: Wand              |       |       |     9 |    33 ||    42
  Use: Scroll            |       |     6 |     4 |     1 ||    11
       Potion            |       |       |     3 |     3 ||     6
Armor: Robe              |     9 |     9 |    36 |    22 ||    76
       Skin              |       |       |       |     2 ||     2
Dodge: Dodged            |    24 |    36 |    79 |    51 ||   190
